 Dungeon Crawl Stone Soup version 0.25.0-1-g7eea58d2a3 (webtiles) character file.

Game seed: 6582849426410137112

10 DeadF the Chiller (level 2, 0/11 HPs)
             Began as a Felid Ice Elementalist on June 13, 2020.
             Slain by an adder (1 damage)
             ... on level 3 of the Dungeon.
             The game lasted 00:05:58 (1967 turns).

DeadF the Chiller (Felid Ice Elementalist)          Turns: 1967, Time: 00:05:59

Health: 0/11       AC:  3    Str:  3 (4)  XL:     2   Next: 10%
Magic:  5/5        EV: 18    Int: 14 (16) God:
Gold:   46         SH:  0    Dex: 13 (16) Spells: 4/5 levels left
                                        Lives:  0   Deaths: 0

rFire    . . .     SeeInvis +   (weapon unavailable)
rCold    . . .     Gourm    .   (shield unavailable)
rNeg     . . .     Faith    .   (armour unavailable)
rPois    .         Spirit   .   (helmet unavailable)
rElec    .         Reflect  .   (cloak unavailable)
rCorr    .         Harm     .   (gloves unavailable)
MR       .....                  (boots unavailable)
Stlth    +++.......             (no amulet)
HPRegen  0.03/turn              (no ring)
MPRegen  0.09/turn              (no ring)

@: lethally poisoned (0 -> -5), quick
A: very small, no armour, no weapons or thrown items, stealth, claws 1, fangs 3,
icy blue scales 1, see invisible, blink, carnivore, speed 1, low mp 1, shaggy
fur 1, slow metabolism 1, sharp paws
a: Blink


You were on level 3 of the Dungeon.
You were very full.

You visited 1 branch of the dungeon, and saw 3 of its levels.

You collected 46 gold pieces.

Inventory:

Scrolls
 a - 3 scrolls of remove curse {unknown}
Comestibles
 b - a ration


   Skills:
 + Level 3.3 Dodging
 + Level 3.3 Stealth
 - Level 2.0 Spellcasting
 + Level 3.6 Ice Magic


You had 4 spell levels left.
You knew the following spells:

 Your Spells              Type           Power        Failure   Level  Hunger
a - Freeze                Ice            ##..         5%          1    ##.....

Your spell library contained the following spells:

 Spells                   Type           Power        Failure   Level  Hunger
 Frozen Ramparts          Ice            ##....       16%         3    ####...
 Ozocubu's Armour         Chrm/Ice       #.......     34%         3    ####...
 Hailstorm                Conj/Ice       #.......     75%         4    #####..
 Summon Ice Beast         Ice/Summ       #.......     75%         4    #####..


Dungeon Overview and Level Annotations

Branches:
Dungeon (3/15)

Altars:
Fedhas
The Shining One

Annotations:
D:2 Jessica


Innate Abilities, Weirdness & Mutations

You cannot wear armour.
You are incapable of wielding weapons or throwing items.
Your paws allow you to move quietly. (Stealth)
You have sharp claws.
You have razor-sharp teeth.
You have supernaturally acute eyesight. (SInv)
You are carnivorous and can eat meat at any time.
You cover ground quickly.
You are covered in fur. (AC +1)
You have a slow metabolism.
Your sharp claws are effective at attacking unaware monsters.
You are partially covered in icy blue scales. (AC +2)
You can translocate small distances at will.
Your magical capacity is low. (-10% MP)


Message History

You scratch the adder but do no damage. You bite the adder, but do no damage.
The adder bites you.
You are lethally poisoned!
The adder poisons you! The adder completely misses you.
You scratch the adder but do no damage.
You feel sick. The adder completely misses you. The adder barely misses you.
You barely miss the adder. The adder misses you.
The adder barely misses you. x2
You scratch the adder but do no damage.
* * * LOW HITPOINT WARNING * * *
You feel sick. The adder misses you. The adder closely misses you.
The adder barely misses you.
You scratch the adder.
The adder is lightly wounded.
The adder bites you.
* * * LOW HITPOINT WARNING * * *
The adder misses you.
You scratch the adder. You bite the adder, but do no damage.
The adder is moderately wounded.
The adder closely misses you. x2; The adder bites you.
You die...

#########
#@Sg....#
#S#####.#
#.# ..#
#.# #)#
#.. ###


You could see 2 adders and a hobgoblin.

Vanquished Creatures
  A leopard gecko (D:2)
  A giant cockroach (D:2)
  2 hobgoblins (D:1)
  A ball python (D:2)
  A bat (D:2)
  2 kobolds (D:1)
  2 rats (D:1)
10 creatures vanquished.

Notes
Turn   | Place    | Note
-------+----------+-------------------------------------------
     0 | D:1      | DeadF the Felid Ice Elementalist began the quest for the
                  | Orb.
     0 | D:1      | Reached XP level 1. HP: 7/7 MP: 4/4
   152 | D:1      | Found a glowing golden altar of the Shining One.
  1737 | D:2      | Found a blossoming altar of Fedhas.
  1756 | D:2      | Reached XP level 2. HP: 11/11 MP: 6/6
  1893 | D:2      | Noticed a bullfrog
  1919 | D:2      | Noticed Jessica
  1942 | D:2      | Gained mutation: Your magical capacity is low. (-10% MP)
                  | [potion of mutation]
  1942 | D:2      | Gained mutation: You can translocate small distances at
                  | will. [potion of mutation]
  1942 | D:2      | Gained mutation: You are partially covered in icy blue
                  | scales. (AC +2) [potion of mutation]
  1967 | D:3      | Slain by an adder

Illustrated notes

Levels and vault maps discovered:
D:1:      heliophobic_arrival_dark_side_of_the_moon, layout_loops_ring,
          tso_metal_star
D:2:      layout_basic, first_ration, fedhas_ov_isle_minmay, uniq_jessica
D:3:      layout_loops_ring, grunt_decor_cap, uniq_ijyb

Skill      XL: |  1 |
---------------+----+-----
Stealth        | 3 |  3.3
Dodging        | 3 |  3.3
Spellcasting   | |  2.0
Ice Magic      | |  3.6

Action                   || total
-------------------------++-------
Melee: Unarmed           ||    60
       Bite              ||     5
  Use: Potion            ||     4
       Scroll            ||     3
 Stab: Sleeping          ||     4
  Eat: Chunk             ||     7
Armor: Skin              ||     3
Dodge: Dodged            ||    63
